 Dungeon Crawl Stone Soup version 0.29.0-15-g675c0067aa (webtiles) character file.

Game seed: 16437368708331390895

60176 qw the Severer (level 14, -9/92 HPs)
             Began as a Gargoyle Fighter on Sept 12, 2022.
             Was an Elder of Okawaru.
             Killed by divine providence
             ... invoked by a meliai
             ... summoned by a boggart
              (14 damage)
             ... on level 14 of the Dungeon.
             The game lasted 00:07:36 (22617 turns).

qw the Severer (Gargoyle Fighter)                  Turns: 22617, Time: 00:07:37

Health: -9/92      AC: 48    Str: 34    XL:     14   Next: 98%
Magic:  21/21      EV:  9    Int:  9    God:    Okawaru [****..]
Gold:   699        SH:  6    Dex:  9    Spells: 13/13 levels left

rFire   + . .      SeeInvis .   g - +0 morningstar
rCold   + . .      Faith    .   c - +0 buckler
rNeg    + . .      Spirit   .   x - +2 crystal plate armour
rPois   inf        Reflect  .   C - +1 helmet
rElec   +          Harm     .   u - +0 cloak of Terror {rF+}
rCorr   .          Rampage  .   v - +2 pair of gloves {Str+3}
Will    +....                   p - +0 pair of boots
Stlth   ..........              (no amulet)
HPRegen 0.25/turn               o - +6 ring of strength
MPRegen 0.17/turn               e - ring of protection from cold

@: about to teleport, heroic, flying
A: sickness immunity, AC +10, big wings, negative energy resistance 1,
electricity resistance, torment resistance 1, petrification resistance
a: Renounce Religion, Heroism, Finesse


You were on level 14 of the Dungeon.
You worshipped Okawaru.
Okawaru was greatly pleased with you.
You visited 3 branches of the dungeon, and saw 20 of its levels.

You collected 1417 gold pieces.
You spent 718 gold pieces at shops.


Innate Abilities, Weirdness & Mutations

You are immune to sickness and miasma.
Your stone body is resilient. (AC +10)
You are immune to poison.
Your large and strong wings let you fly.
You resist negative energy. (rN+)
You are resistant to electric shocks. (rElec)
You are resistant to unholy torment.
You are immune to petrification.


   Skills:
 - Level 12.0(17.0) Fighting
 - Level 15.0(20.0) Axes
 - Level 6.1(11.1) Throwing
 + Level 13.4(18.4) Armour
 - Level 2.0(7.0) Dodging
 - Level 7.2(12.2) Shields
 - Level 10.0 Invocations


You had 13 spell levels left.
You didn't know any spells.
Your spell library was empty.

Inventory:

Hand Weapons
 g - a +0 morningstar (weapon)
 Y - a +4 broad axe of freezing
Missiles
 i - a silver boomerang
 n - 3 boomerangs
 w - 6 javelins (quivered)
 z - 2 silver javelins
Armour
 c - a +0 buckler (worn)
 h - +0 acid dragon scales
 p - a +0 pair of boots (worn)
 u - the +0 cloak of Terror (worn) {rF+}
   (You acquired it on level 2 of the Lair of Beasts)

   rF:        It protects you from fire.
 v - a +2 pair of gloves of strength (worn)
 x - a +2 crystal plate armour (worn)
 C - a +1 helmet (worn)
Jewellery
 e - a ring of protection from cold (right hand)
 o - a +6 ring of strength (left hand)
 s - a ring of resist corrosion
 t - a ring of protection from fire
 B - a ring of positive energy
Scrolls
 a - 11 scrolls of identify
 y - 2 scrolls of teleportation
 A - a scroll of blinking
Potions
 b - 3 potions of mutation
 d - 7 potions of might
 f - 3 potions of lignification
 j - a potion of magic
 k - 7 potions of heal wounds
 l - a potion of curing
 m - 3 potions of resistance
 q - a potion of haste
 r - 2 potions of attraction

Dungeon Overview and Level Annotations

Branches:
Dungeon (14/15)            Temple (1/1) D:5            Lair (5/5) D:9
 Shoals (0/4) Lair:2        Snake (0/4) Lair:3        Slime (0/5) Lair:4
    Orc (0/2) D:11
 Vaults: D:13-14

Altars:
Ashenzari
Cheibriados
Dithmenos
Elyvilon
Fedhas
Gozag
Hepliaklqana
Kikubaaqudgha
Makhleb
Nemelex Xobeh
Okawaru
Qazlal
Ru
Sif Muna
Trog
Uskayaw
Vehumet
Wu Jian
Xom
Yredelemnul
Zin
The Shining One
Jiyva

Shops:
D:7 [   D:8 (   D:9 ?   D:11 [(   D:12 [

Annotations:
D:3 Grinder
D:7 3 runed translucent doors, qw's ghost, novice MiBe
Lair:3 1 runed translucent door, qw's ghost, journeyman TrCA


Message History

The eight-headed hydra bites you.
The orc warrior hits you but does no damage.
You hear some strange, mumbled words.
22613 ||| Stepping ~*~*~tactically~*~*~ (outnumbered).
22614 ||| Stepping ~*~*~tactically~*~*~ (outnumbered).
The eight-headed hydra attacks as you move away!
The eight-headed hydra bites you!
The eight-headed hydra barely misses you.
The eight-headed hydra closely misses you.
The eight-headed hydra bites you but does no damage.
The eight-headed hydra barely misses you.
The eight-headed hydra bites you but does no damage.
The eight-headed hydra barely misses you.
The eight-headed hydra bites you.
You barely miss the eight-headed hydra. You impale the eight-headed hydra!!
The eight-headed hydra is moderately wounded.
The meliai barely misses you. You block the meliai's attack.
The eight-headed hydra bites you but does no damage.
The eight-headed hydra bites you!
The eight-headed hydra closely misses you.
You block the eight-headed hydra's attack.
The eight-headed hydra bites you but does no damage.
The eight-headed hydra misses you. The eight-headed hydra bites you!
The eight-headed hydra bites you. The meliai hits you with a +0 war axe.
The meliai stings you but does no damage.
22617 ||| READING 3 scrolls of teleportation.
As you read the scroll of teleportation, it crumbles to dust.
You feel strangely unstable. The meliai closely misses you.
The meliai barely misses you.
The eight-headed hydra bites you but does no damage. x2
You block the eight-headed hydra's attack.
The eight-headed hydra bites you but does no damage.
The eight-headed hydra closely misses you.
The eight-headed hydra bites you but does no damage.
You block the eight-headed hydra's attack.
The eight-headed hydra bites you but does no damage.
The meliai invokes the aid of its god against you.
Something smites you!
You die...

#. . .# #. .## .# c
##.###### #.#..#.#
#.......# #.#..#.#
###.......# .........
..........#####C#..#.##
#......./@DC)C.......
#.........ycyo.......
#.......#####y#..#.##
####.#### #o.y.......
#..# #..##.#..#.##
##>###o #.#..# # #..##
.##..# ##..# . #..#
#######'## ###..#####


You could see an eight-headed hydra (summoned), a centaur warrior, 3 cyclopes,
an orc warrior and 3 meliai.

Vanquished Creatures
  Snorg (D:11)
  Josephine (Lair:4)
  2 hydras
  2 catoblepae
  A boulder beetle (Lair:5)
  5 two-headed ogres
  3 centaur warriors
  Erica (D:8)
  3 death yaks (D:9)
  Nergalle (D:12)
  A goliath frog (Lair:5)
  3 orc knights
  A deep elf pyromancer (D:6)
  A cyclops (D:12)
  3 manticores
  9 elephants
  A torpor snail (Lair:1)
  3 black mambas
  A gargoyle (D:11)
  24 cane toads
  An efreet (D:14)
  Psyche (D:9)
  12 komodo dragons
  An unseen horror (D:11)
  4 trolls
  3 meliai (D:13)
  2 polar bears
  A hornet (D:9)
  A wind drake (Lair:2)
  3 tyrant leeches
  30 blink frogs
  10 slime creatures
  8 dream sheep
  A shadow (D:10)
  49 yaks
  5 wraiths
  2 wyverns
  2 basilisks
  9 vampire mosquitoes
  A steam dragon (D:7)
  13 water moccasins
  An acid dragon (D:11)
  2 ice beasts
  7 orc warriors
  A black bear (D:6)
  3 wolves (Lair:3)
  6 centaurs
  A phantom (D:6)
  2 kobold brigands (D:14)
  19 bullfrogs
  Blork the orc (D:6)
  A gnoll sergeant (D:7)
  A necrophage (D:6)
  2 scorpions
  4 wights (D:6)
  22 killer bees
  3 howler monkeys
  2 electric eels
  2 jellies
  A hound (D:6)
  5 orc priests
  2 iguanas
  Ijyb (D:4)
  Jessica (D:3)
  A hell rat (D:9)
  9 orc wizards
  5 adders
  7 gnolls
  3 river rats (D:9)
  12 white imps (Lair:1)
  4 ufetubi
  3 worms
  42 orcs
  9 ball pythons
  4 bats
  11 endoplasms
  4 giant cockroaches
  9 goblins
  7 hobgoblins
  15 jackals
  9 kobolds
  3 quokkas
  2 frilled lizards (D:2)
  5 rats
480 creatures vanquished.

Vanquished Creatures (others)
  33 fungi
  92 plants
125 creatures vanquished.

Grand Total: 605 creatures vanquished

Notes
Turn   | Place    | Note
-------+----------+-------------------------------------------
     0 | D:1      | qw the Gargoyle Fighter began the quest for the Orb.
     0 | D:1      | Reached XP level 1. HP: 14/14 MP: 1/1
     0 | D:1      | 0 ||| qw: Version: 0.1-a-119-g272c26d
     0 | D:1      | 0 ||| qw: Game counter: 10858
     0 | D:1      | 0 ||| qw: Always use a shield: true
     0 | D:1      | 0 ||| qw: God list: Okawaru
     0 | D:1      | 0 ||| qw: Allow faded altars: false
     0 | D:1      | 0 ||| qw: Do Orc after D:15 true
     0 | D:1      | 0 ||| qw: Do second Lair branch before Depths: true
     0 | D:1      | 0 ||| qw: Lair rune preference: random
     0 | D:1      | 0 ||| qw: Plans: Normal, Zot, God:TSO, Crypt, Tomb, Pan,
                  | Slime, Hells, Zig, Abyss, Orb
     0 | D:1      | 0 ||| PLANNING D:1-11
    55 | D:1      | Reached skill level 2 in Axes
   286 | D:1      | Reached XP level 2. HP: 19/19 MP: 2/2
   289 | D:1      | 289 ||| Stepping ~*~*~tactically~*~*~ (stealth).
   450 | D:1      | 450 ||| Stepping ~*~*~tactically~*~*~ (stealth).
   472 | D:1      | 472 ||| Stepping ~*~*~tactically~*~*~ (stealth).
   476 | D:1      | 476 ||| Stepping ~*~*~tactically~*~*~ (stealth).
   477 | D:1      | 477 ||| Stepping ~*~*~tactically~*~*~ (stealth).
   478 | D:1      | 478 ||| Stepping ~*~*~tactically~*~*~ (stealth).
   489 | D:1      | Reached skill level 3 in Axes
   526 | D:1      | Reached XP level 3. HP: 23/23 MP: 3/3
  1047 | D:1      | 1047 ||| READING 2 scrolls labelled ZECLES ORCHEAT.
  1048 | D:1      | 1048 ||| READING scroll labelled DEWELIE QOKKE.
  1049 | D:1      | 1049 ||| READING scroll labelled EMYSKIWEDI.
  1054 | D:1      | 1054 ||| READING scroll labelled QUAGHAESEM.
  1099 | D:1      | 1099 ||| READING scroll labelled QAC TODULEM.
  1113 | D:2      | 1113 ||| STAIRDANCE
  1153 | D:2      | 1153 ||| STAIRDANCE
  1347 | D:2      | 1347 ||| STAIRDANCE
  1362 | D:2      | 1362 ||| STAIRDANCE
  1603 | D:2      | Reached XP level 4. HP: 28/28 MP: 4/4
  1887 | D:2      | Reached skill level 4 in Axes
  2134 | D:2      | 2134 ||| UPGRADING to +0 cloak.
  2139 | D:2      | 2139 ||| READING scroll labelled NUEHI NIRURGH.
  2140 | D:2      | 2140 ||| READING 3 scrolls of identify.
  2140 | D:2      | 2140 ||| IDENTIFYING glowing coppery potion
  2141 | D:2      | 2141 ||| READING 2 scrolls of identify.
  2141 | D:2      | 2141 ||| IDENTIFYING glowing black potion
  2340 | D:3      | Noticed Jessica
  2342 | D:3      | Killed Jessica
  2395 | D:3      | Reached XP level 5. HP: 30/32 MP: 5/5
  2448 | D:3      | Noticed Grinder
  2449 | D:3      | 2449 ||| Stepping ~*~*~tactically~*~*~ (stealth).
  2452 | D:3      | Paralysed by Grinder for 5 turns
  2464 | D:3      | Paralysed by Grinder for 2 turns
  2470 | D:3      | Paralysed by Grinder for 3 turns
  2475 | D:3      | HP: 8/32 [Grinder/nerve-wracking pain (6)]
  2476 | D:3      | 2476 ||| READING scroll of teleportation.
  2477 | D:3      | 2477 ||| DRINKING 4 potions of heal wounds.
  2721 | D:3      | 2721 ||| UPGRADING to +0 chain mail.
  2731 | D:3      | 2731 ||| DROPPING +0 scale mail.
  2732 | D:3      | 2732 ||| UPGRADING to +6 ring of strength.
  2733 | D:3      | 2733 ||| READING scroll labelled BICOAPT EBATEE.
  2734 | D:3      | 2734 ||| DRINKING 2 sedimented sapphire potions.
  2850 | D:4      | 2850 ||| FLEEEEING.
  2851 | D:4      | 2851 ||| FLEEEEING.
  2854 | D:4      | 2854 ||| STAIRDANCE
  2994 | D:4      | 2994 ||| Stepping ~*~*~tactically~*~*~ (stealth).
  2998 | D:4      | 2998 ||| Stepping ~*~*~tactically~*~*~ (stealth).
  3007 | D:4      | 3007 ||| Stepping ~*~*~tactically~*~*~ (stealth).
  3011 | D:4      | 3011 ||| DROPPING +0 whip.
  3044 | D:4      | Reached skill level 5 in Axes
  3498 | D:4      | Noticed Ijyb
  3499 | D:4      | 3499 ||| DRINKING potion of curing.
  3499 | D:4      | 3499 ||| (to cure confusion)
  3512 | D:4      | Killed Ijyb
  3881 | D:4      | 3881 ||| UPGRADING to +0 pair of boots.
  3886 | D:4      | 3886 ||| UPGRADING to ring of resist corrosion.
  3887 | D:4      | 3887 ||| READING scroll labelled SUOTAK JUEHIVE.
  3888 | D:4      | 3888 ||| DRINKING 3 fuming silvery potions.
  3889 | D:4      | 3889 ||| DRINKING 2 metallic brown potions.
  3993 | D:4      | 3993 ||| READING 3 scrolls of identify.
  3993 | D:4      | 3993 ||| IDENTIFYING fuming golden potion
  3994 | D:4      | 3994 ||| DROPPING 2 potions of degeneration.
  3995 | D:4      | 3995 ||| DROPPING potion of berserk rage.
  4016 | D:5      | Entered Level 5 of the Dungeon
  4033 | D:5      | Noticed an ice beast
  4047 | D:5      | Killed an ice beast
  4048 | D:5      | Reached XP level 6. HP: 25/38 MP: 6/6
  4156 | D:5      | 4156 ||| Stepping ~*~*~tactically~*~*~ (hiding).
  4165 | D:5      | 4165 ||| DRINKING potion of curing.
  4165 | D:5      | 4165 ||| (to cure confusion)
  4224 | D:5      | 4224 ||| DROPPING +0 flail.
  4269 | D:5      | Reached skill level 6 in Axes
  4663 | D:5      | Found a staircase to the Ecumenical Temple.
  4664 | D:5      | 4664 ||| PLANNING TEMPLE
  4664 | D:5      | 4664 ||| READING scroll labelled BOFALO BIC FIRCH.
  4665 | D:5      | 4665 ||| READING 2 scrolls of identify.
  4665 | D:5      | 4665 ||| IDENTIFYING fizzy black potion
  4674 | Temple   | Entered the Ecumenical Temple
  4845 | Temple   | 4845 ||| PLANNING D:1-11
  4856 | Temple   | Became a worshipper of Warmaster Okawaru
  4911 | D:5      | Reached skill level 1 in Dodging
  4911 | D:5      | Reached XP level 7. HP: 40/43 MP: 7/7
  5363 | D:5      | Found a shimmering blue altar of Sif Muna.
  5626 | D:5      | 5626 ||| UPGRADING to +0 pair of gloves.
  5631 | D:5      | 5631 ||| READING 2 scrolls of identify.
  5631 | D:5      | 5631 ||| IDENTIFYING bubbling purple potion
  5632 | D:5      | 5632 ||| DROPPING potion of flight.
  5719 | D:6      | 5719 ||| Stepping ~*~*~tactically~*~*~ (stealth).
  5721 | D:6      | 5721 ||| Stepping ~*~*~tactically~*~*~ (stealth).
  5724 | D:6      | Reached skill level 7 in Axes
  5734 | D:6      | 5734 ||| FLEEEEING.
  5735 | D:6      | 5735 ||| FLEEEEING.
  5736 | D:6      | 5736 ||| FLEEEEING.
  5737 | D:6      | 5737 ||| FLEEEEING.
  5738 | D:6      | 5738 ||| FLEEEEING.
  5739 | D:6      | 5739 ||| FLEEEEING.
  5741 | D:6      | 5741 ||| FLEEEEING.
  5742 | D:6      | 5742 ||| STAIRDANCE
  6018 | D:6      | Reached * piety under Okawaru
  6036 | D:6      | Reached skill level 1 in Invocations
  6036 | D:6      | Reached XP level 8. HP: 37/49 MP: 8/8
  6037 | D:6      | 6037 ||| FLEEEEING.
  6042 | D:6      | 6042 ||| STAIRDANCE
  6123 | D:6      | Reached skill level 1 in Throwing
  6304 | D:6      | Reached skill level 3 in Invocations
  6396 | D:6      | Noticed Blork the orc
  6397 | D:6      | 6397 ||| INVOKING Heroism.
  6409 | D:6      | Killed Blork the orc
  6702 | D:6      | 6702 ||| INVOKING Heroism.
  6814 | D:6      | Noticed a deep elf pyromancer
  6821 | D:6      | Killed a deep elf pyromancer
  6821 | D:6      | Reached ** piety under Okawaru
  6822 | D:6      | Reached skill level 8 in Axes
  6822 | D:6      | Reached XP level 9. HP: 54/54 MP: 12/12
  6827 | D:6      | 6827 ||| UPGRADING to ring of protection from fire.
  6829 | D:6      | 6829 ||| READING scroll labelled RIYJUX TAN.
  6830 | D:6      | 6830 ||| READING 2 scrolls of identify.
  6830 | D:6      | 6830 ||| IDENTIFYING bubbling sapphire potion
  6963 | D:7      | 6963 ||| INVOKING Heroism.
  6968 | D:7      | Reached skill level 6 in Fighting
  7017 | D:7      | 7017 ||| READING scroll of enchant armour.
  7017 | D:7      | 7017 ||| ENCHANTING +0 pair of gloves.
  7096 | D:7      | 7096 ||| Stepping ~*~*~tactically~*~*~ (stealth).
  7105 | D:7      | Reached skill level 9 in Axes
  7250 | D:7      | 7250 ||| INVOKING Heroism.
  7253 | D:7      | HP: 7/55 [orc priest/divine providence (12)]
  7254 | D:7      | 7254 ||| DRINKING 5 potions of heal wounds.
  7565 | D:7      | 7565 ||| INVOKING Heroism.
  7700 | D:7      | Found a basalt altar of Yredelemnul.
  7740 | D:7      | 7740 ||| Stepping ~*~*~tactically~*~*~ (stealth).
  7766 | D:7      | 7766 ||| Stepping ~*~*~tactically~*~*~ (stealth).
  7767 | D:7      | 7767 ||| Stepping ~*~*~tactically~*~*~ (stealth).
  7775 | D:7      | 7775 ||| INVOKING Heroism.
  7778 | D:7      | 7778 ||| Stepping ~*~*~tactically~*~*~ (stealth).
  7926 | D:7      | Found a runed translucent gate.
  7926 | D:7      | Noticed qw's ghost (novice MiBe)
  7940 | D:7      | Found Feaqobu's Armour Boutique.
  7945 | D:7      | 7945 ||| SHOPLISTING +2 fire dragon scales (936 gold, have
                  | 407).
  8039 | D:7      | 8039 ||| Stepping ~*~*~tactically~*~*~ (hiding).
  8048 | D:7      | 8048 ||| Stepping ~*~*~tactically~*~*~ (stealth).
  8057 | D:7      | 8057 ||| Stepping ~*~*~tactically~*~*~ (hiding).
  8069 | D:7      | 8069 ||| DRINKING potion of curing.
  8069 | D:7      | 8069 ||| (to cure confusion)
  8221 | D:7      | Found a runed translucent gate.
  8222 | D:7      | Found a runed translucent gate.
  8392 | D:8      | Found Ohaerch Orumn's Antique Weapon Shoppe.
  8394 | D:8      | 8394 ||| INVOKING Heroism.
  8430 | D:8      | 8430 ||| BUYING runed war axe (188 gold).
  8430 | D:8      | Bought a runed war axe for 188 gold pieces
  8430 | D:8      | 8430 ||| SWAPPING to +0 war axe of electrocution.
  8431 | D:8      | 8431 ||| DROPPING +0 war axe.
  8450 | D:8      | 8450 ||| INVOKING Heroism.
  8462 | D:8      | Reached *** piety under Okawaru
  8471 | D:8      | Reached XP level 10. HP: 47/63 MP: 13/13
  8477 | D:8      | 8477 ||| INVOKING Heroism.
  8479 | D:8      | Reached skill level 10 in Axes
  8710 | D:8      | 8710 ||| INVOKING Heroism.
  8711 | D:8      | 8711 ||| Stepping ~*~*~tactically~*~*~ (stealth).
  8740 | D:8      | 8740 ||| INVOKING Heroism.
  8808 | D:8      | Noticed Erica
  8810 | D:8      | 8810 ||| INVOKING Heroism.
  8812 | D:8      | 8812 ||| DRINKING potion of curing.
  8812 | D:8      | 8812 ||| (to cure confusion)
  8815 | D:8      | Killed Erica
  8815 | D:8      | Reached **** piety under Okawaru
  8816 | D:8      | Reached skill level 6 in Armour
  8892 | D:8      | Found a sacrificial altar of Ru.
  9016 | D:8      | 9016 ||| INVOKING Heroism.
  9385 | D:8      | 9385 ||| UPGRADING to +0 plate armour.
  9395 | D:8      | 9395 ||| DROPPING +0 chain mail.
  9396 | D:8      | 9396 ||| READING scroll labelled ABEIF LEQA.
  9436 | D:9      | 9436 ||| STAIRDANCE
  9508 | D:9      | 9508 ||| STAIRDANCE
  9512 | D:8      | 9512 ||| INVOKING Heroism.
  9636 | D:9      | 9636 ||| STAIRDANCE
  9717 | D:9      | Noticed a two-headed ogre
  9718 | D:9      | 9718 ||| INVOKING Heroism.
  9721 | D:9      | Noticed a two-headed ogre
  9722 | D:9      | 9722 ||| Stepping ~*~*~tactically~*~*~ (stealth).
  9723 | D:9      | 9723 ||| Stepping ~*~*~tactically~*~*~ (stealth).
  9725 | D:9      | 9725 ||| Stepping ~*~*~tactically~*~*~ (stealth).
  9731 | D:9      | Killed a two-headed ogre
  9738 | D:9      | 9738 ||| INVOKING Heroism.
  9759 | D:9      | 9759 ||| FLEEEEING.
  9760 | D:9      | 9760 ||| FLEEEEING.
  9771 | D:9      | 9771 ||| FLEEEEING.
  9772 | D:9      | 9772 ||| FLEEEEING.
  9773 | D:9      | 9773 ||| FLEEEEING.
  9774 | D:9      | 9774 ||| FLEEEEING.
  9775 | D:9      | 9775 ||| FLEEEEING.
  9776 | D:9      | 9776 ||| FLEEEEING.
  9777 | D:9      | 9777 ||| FLEEEEING.
  9788 | D:9      | 9788 ||| FLEEEEING.
  9789 | D:9      | 9789 ||| STAIRDANCE
  9971 | D:9      | 9971 ||| INVOKING Heroism.
  9976 | D:9      | Killed a two-headed ogre
  9977 | D:9      | Reached skill level 6 in Shields
 10357 | D:9      | 10357 ||| INVOKING Heroism.
 10375 | D:9      | Found Piext's Magic Scroll Shop.
 10384 | D:9      | 10384 ||| BUYING scroll of enchant armour (105 gold).
 10384 | D:9      | Bought a scroll of enchant armour for 105 gold pieces
 10384 | D:9      | 10384 ||| BUYING scroll of enchant weapon (105 gold).
 10384 | D:9      | Bought a scroll of enchant weapon for 105 gold pieces
 10384 | D:9      | 10384 ||| BUYING scroll of identify (28 gold).
 10384 | D:9      | Bought a scroll of identify for 28 gold pieces
 10384 | D:9      | 10384 ||| BUYING scroll of identify (28 gold).
 10384 | D:9      | Bought a scroll of identify for 28 gold pieces
 10384 | D:9      | 10384 ||| BUYING scroll of identify (28 gold).
 10384 | D:9      | Bought a scroll of identify for 28 gold pieces
 10384 | D:9      | 10384 ||| READING scroll of enchant armour.
 10384 | D:9      | 10384 ||| ENCHANTING +1 pair of gloves.
 10385 | D:9      | 10385 ||| READING scroll of enchant weapon.
 10385 | D:9      | 10385 ||| ENCHANTING +0 war axe of electrocution.
 10414 | D:9      | 10414 ||| INVOKING Heroism.
 10426 | D:9      | Reached skill level 6 in Invocations
 10426 | D:9      | Reached XP level 11. HP: 64/68 MP: 13/15
 10460 | D:9      | Found an opulent altar of Gozag.
 10487 | D:9      | Found a stormy altar of Qazlal.
 10592 | D:9      | 10592 ||| Stepping ~*~*~tactically~*~*~ (stealth).
 10614 | D:9      | Noticed a death yak
 10615 | D:9      | 10615 ||| INVOKING Heroism.
 10617 | D:9      | Noticed a death yak
 10617 | D:9      | Noticed a death yak
 10618 | D:9      | 10618 ||| Stepping ~*~*~tactically~*~*~ (stealth).
 10620 | D:9      | 10620 ||| Stepping ~*~*~tactically~*~*~ (stealth).
 10626 | D:9      | Killed a death yak
 10632 | D:9      | Killed a death yak
 10634 | D:9      | 10634 ||| INVOKING Heroism.
 10641 | D:9      | Killed a death yak
 10641 | D:9      | Reached ***** piety under Okawaru
 10642 | D:9      | Reached skill level 11 in Axes
 10794 | D:9      | Found a staircase to the Lair.
 11011 | D:9      | Noticed Psyche
 11012 | D:9      | 11012 ||| INVOKING Heroism.
 11027 | D:9      | Killed Psyche
 11055 | D:9      | 11055 ||| PLANNING LAIR
 11055 | D:9      | 11055 ||| READING scroll labelled QOAWAS POITIHE.
 11056 | D:9      | 11056 ||| READING scroll labelled UTTAYT MEDAN.
 11057 | D:9      | 11057 ||| READING 6 scrolls of identify.
 11057 | D:9      | 11057 ||| IDENTIFYING orange potion
 11058 | D:9      | 11058 ||| READING 5 scrolls of identify.
 11058 | D:9      | 11058 ||| IDENTIFYING golden potion
 11059 | D:9      | 11059 ||| DROPPING potion of brilliance.
 11103 | Lair:1   | Entered Level 1 of the Lair of Beasts
 11130 | Lair:1   | 11130 ||| INVOKING Heroism.
 11285 | Lair:1   | Received a gift from Okawaru
 11296 | Lair:1   | 11296 ||| Stepping ~*~*~tactically~*~*~ (hiding).
 11363 | Lair:1   | 11363 ||| INVOKING Heroism.
 11416 | Lair:1   | 11416 ||| Stepping ~*~*~tactically~*~*~ (stealth).
 11461 | Lair:1   | Found a frozen archway.
 11491 | Lair:1   | 11491 ||| Stepping ~*~*~tactically~*~*~ (stealth).
 11493 | Lair:1   | 11493 ||| INVOKING Heroism.
 11495 | Lair:1   | 11495 ||| Stepping ~*~*~tactically~*~*~ (stealth).
 11505 | Lair:1   | Received a gift from Okawaru
 11532 | Lair:1   | 11532 ||| INVOKING Heroism.
 11533 | Lair:1   | Noticed a six-headed hydra
 11534 | Lair:1   | 11534 ||| INVOKING Finesse.
 11535 | Lair:1   | 11535 ||| SWAPPING to +0 morningstar.
 11536 | Lair:1   | 11536 ||| Stepping ~*~*~tactically~*~*~ (outnumbered).
 11549 | Lair:1   | Killed a six-headed hydra
 11550 | Lair:1   | Reached skill level 9 in Fighting
 11550 | Lair:1   | Reached skill level 9 in Invocations
 11550 | Lair:1   | 11550 ||| SWAPPING to +1 vorpal war axe.
 11589 | Lair:1   | 11589 ||| SWAPPING to +3 broad axe of freezing.
 11590 | Lair:1   | 11590 ||| DROPPING +1 vorpal war axe.
 11683 | Lair:1   | 11683 ||| Stepping ~*~*~tactically~*~*~ (stealth).
 11690 | Lair:1   | 11690 ||| INVOKING Heroism.
 11940 | Lair:1   | 11940 ||| Stepping ~*~*~tactically~*~*~ (stealth).
 11951 | Lair:1   | Reached XP level 12. HP: 72/76 MP: 19/19
 11978 | Lair:1   | 11978 ||| Stepping ~*~*~tactically~*~*~ (stealth).
 11980 | Lair:1   | 11980 ||| INVOKING Heroism.
 11983 | Lair:1   | Reached skill level 3 in Throwing
 11983 | Lair:1   | 11983 ||| Stepping ~*~*~tactically~*~*~ (stealth).
 11988 | Lair:1   | Identified the +2 battleaxe of Teiclybbe {vorpal, rN+}
                  | (Okawaru gifted it to you on level 1 of the Lair of Beasts)
 11988 | Lair:1   | Received a gift from Okawaru
 12272 | Lair:1   | 12272 ||| DROPPING +0 chain mail of willpower.
 12273 | Lair:1   | 12273 ||| READING scroll labelled WARAIXZ AXUA.
 12320 | Lair:2   | 12320 ||| Stepping ~*~*~tactically~*~*~ (stealth).
 12324 | Lair:2   | 12324 ||| INVOKING Heroism.
 12428 | Lair:2   | Noticed a catoblepas
 12429 | Lair:2   | 12429 ||| INVOKING Heroism.
 12430 | Lair:2   | 12430 ||| INVOKING Finesse.
 12439 | Lair:2   | Killed a catoblepas
 12529 | Lair:2   | 12529 ||| Stepping ~*~*~tactically~*~*~ (stealth).
 12530 | Lair:2   | 12530 ||| INVOKING Heroism.
 12679 | Lair:2   | 12679 ||| INVOKING Heroism.
 12687 | Lair:2   | Reached skill level 12 in Axes
 12865 | Lair:2   | 12865 ||| Stepping ~*~*~tactically~*~*~ (stealth).
 12867 | Lair:2   | 12867 ||| Stepping ~*~*~tactically~*~*~ (stealth).
 12869 | Lair:2   | 12869 ||| Stepping ~*~*~tactically~*~*~ (stealth).
 12872 | Lair:2   | 12872 ||| INVOKING Heroism.
 12879 | Lair:2   | Received a gift from Okawaru
 13057 | Lair:2   | 13057 ||| Stepping ~*~*~tactically~*~*~ (hiding).
 13061 | Lair:2   | 13061 ||| Stepping ~*~*~tactically~*~*~ (stealth).
 13062 | Lair:2   | 13062 ||| Stepping ~*~*~tactically~*~*~ (stealth).
 13064 | Lair:2   | 13064 ||| INVOKING Heroism.
 13068 | Lair:2   | 13068 ||| Stepping ~*~*~tactically~*~*~ (hiding).
 13179 | Lair:2   | Found a staircase to the Shoals.
 13285 | Lair:2   | Reached skill level 9 in Armour
 13372 | Lair:2   | 13372 ||| READING scroll labelled CIOTZEKUSO.
 13372 | Lair:2   | Identified a scroll of acquirement
 13372 | Lair:2   | 13372 ||| ACQUIRING +0 cloak of Terror {rF+}
 13372 | Lair:2   | Acquired the +0 cloak of Terror {rF+}
 13374 | Lair:2   | 13374 ||| UPGRADING to +0 cloak of Terror {rF+}.
 13384 | Lair:2   | 13384 ||| DROPPING +0 cloak.
 13385 | Lair:2   | 13385 ||| READING 9 scrolls of identify.
 13385 | Lair:2   | 13385 ||| IDENTIFYING red potion
 13434 | Lair:3   | 13434 ||| INVOKING Heroism.
 13448 | Lair:3   | 13448 ||| Stepping ~*~*~tactically~*~*~ (stealth).
 13658 | Lair:3   | Found a staircase to the Snake Pit.
 13733 | Lair:3   | Noticed a catoblepas
 13734 | Lair:3   | 13734 ||| INVOKING Heroism.
 13736 | Lair:3   | 13736 ||| INVOKING Finesse.
 13740 | Lair:3   | Killed a catoblepas
 13740 | Lair:3   | Received a gift from Okawaru
 14086 | Lair:3   | Found a runed translucent door.
 14087 | Lair:3   | Noticed qw's ghost (journeyman TrCA)
 14306 | Lair:3   | 14306 ||| UPGRADING to ring of protection from cold.
 14308 | Lair:3   | 14308 ||| READING 8 scrolls of identify.
 14308 | Lair:3   | 14308 ||| IDENTIFYING black potion
 14309 | Lair:3   | 14309 ||| DROPPING potion of invisibility.
 14338 | Lair:4   | 14338 ||| STAIRDANCE
 14346 | Lair:3   | 14346 ||| INVOKING Heroism.
 14531 | Lair:4   | 14531 ||| INVOKING Heroism.
 14544 | Lair:4   | Reached XP level 13. HP: 57/82 MP: 18/20
 14654 | Lair:4   | 14654 ||| Stepping ~*~*~tactically~*~*~ (stealth).
 14660 | Lair:4   | 14660 ||| Stepping ~*~*~tactically~*~*~ (stealth).
 14681 | Lair:4   | 14681 ||| INVOKING Heroism.
 14838 | Lair:4   | Reached skill level 13 in Axes
 14871 | Lair:4   | 14871 ||| Stepping ~*~*~tactically~*~*~ (stealth).
 14957 | Lair:4   | Found a staircase to the Slime Pits.
 14961 | Lair:4   | 14961 ||| Stepping ~*~*~tactically~*~*~ (stealth).
 14975 | Lair:4   | 14975 ||| INVOKING Heroism.
 14977 | Lair:4   | 14977 ||| Stepping ~*~*~tactically~*~*~ (stealth).
 14978 | Lair:4   | 14978 ||| Stepping ~*~*~tactically~*~*~ (stealth).
 14980 | Lair:4   | Received a gift from Okawaru
 15047 | Lair:4   | Found a viscous altar of Jiyva.
 15456 | Lair:4   | 15456 ||| INVOKING Heroism.
 15493 | Lair:4   | Noticed Josephine
 15494 | Lair:4   | 15494 ||| Stepping ~*~*~tactically~*~*~ (stealth).
 15495 | Lair:4   | 15495 ||| Stepping ~*~*~tactically~*~*~ (stealth).
 15497 | Lair:4   | 15497 ||| Stepping ~*~*~tactically~*~*~ (hiding).
 15502 | Lair:4   | 15502 ||| INVOKING Heroism.
 15511 | Lair:4   | Killed Josephine
 15862 | Lair:4   | 15862 ||| UPGRADING to +0 crystal plate armour.
 15872 | Lair:4   | 15872 ||| DROPPING +0 plate armour.
 15912 | Lair:5   | Entered Level 5 of the Lair of Beasts
 15931 | Lair:5   | 15931 ||| INVOKING Heroism.
 15932 | Lair:5   | 15932 ||| Stepping ~*~*~tactically~*~*~ (stealth).
 15970 | Lair:5   | 15970 ||| Stepping ~*~*~tactically~*~*~ (stealth).
 15971 | Lair:5   | 15971 ||| Stepping ~*~*~tactically~*~*~ (stealth).
 16015 | Lair:5   | 16015 ||| INVOKING Heroism.
 16073 | Lair:5   | 16073 ||| FLEEEEING.
 16074 | Lair:5   | 16074 ||| FLEEEEING.
 16075 | Lair:5   | 16075 ||| FLEEEEING.
 16076 | Lair:5   | 16076 ||| FLEEEEING.
 16077 | Lair:5   | 16077 ||| FLEEEEING.
 16078 | Lair:5   | 16078 ||| FLEEEEING.
 16079 | Lair:5   | 16079 ||| FLEEEEING.
 16080 | Lair:5   | 16080 ||| FLEEEEING.
 16082 | Lair:5   | 16082 ||| FLEEEEING.
 16083 | Lair:5   | 16083 ||| FLEEEEING.
 16084 | Lair:5   | 16084 ||| STAIRDANCE
 16188 | Lair:5   | 16188 ||| STAIRDANCE
 16254 | Lair:5   | 16254 ||| STAIRDANCE
 16256 | Lair:4   | 16256 ||| INVOKING Heroism.
 16328 | Lair:5   | 16328 ||| STAIRDANCE
 16336 | Lair:5   | 16336 ||| STAIRDANCE
 16338 | Lair:4   | 16338 ||| INVOKING Heroism.
 16389 | Lair:5   | 16389 ||| STAIRDANCE
 16391 | Lair:4   | 16391 ||| INVOKING Heroism.
 16404 | Lair:4   | Reached skill level 12 in Armour
 16483 | Lair:5   | 16483 ||| STAIRDANCE
 16485 | Lair:4   | 16485 ||| INVOKING Heroism.
 16539 | Lair:5   | 16539 ||| STAIRDANCE
 16541 | Lair:4   | 16541 ||| INVOKING Heroism.
 16714 | Lair:5   | 16714 ||| STAIRDANCE
 16756 | Lair:5   | 16756 ||| INVOKING Heroism.
 16759 | Lair:5   | 16759 ||| STAIRDANCE
 16879 | Lair:5   | 16879 ||| INVOKING Heroism.
 16882 | Lair:5   | 16882 ||| STAIRDANCE
 16921 | Lair:5   | 16921 ||| STAIRDANCE
 16923 | Lair:4   | 16923 ||| INVOKING Heroism.
 16926 | Lair:4   | Reached skill level 14 in Axes
 16945 | Lair:5   | 16945 ||| STAIRDANCE
 16947 | Lair:4   | 16947 ||| INVOKING Heroism.
 16984 | Lair:5   | 16984 ||| STAIRDANCE
 17000 | Lair:4   | Gained mutation: Your large and strong wings let you fly.
                  | [Gargoyle growth]
 17000 | Lair:4   | Reached XP level 14. HP: 66/88 MP: 21/21
 17103 | Lair:5   | 17103 ||| INVOKING Heroism.
 17399 | Lair:5   | 17399 ||| INVOKING Heroism.
 17400 | Lair:5   | 17400 ||| INVOKING Finesse.
 17410 | Lair:5   | Received a gift from Okawaru
 17447 | Lair:5   | Found a hide-covered altar of Uskayaw.
 17447 | Lair:5   | Found an ornate altar of the Wu Jian Council.
 17527 | Lair:5   | 17527 ||| Stepping ~*~*~tactically~*~*~ (stealth).
 17553 | Lair:5   | 17553 ||| INVOKING Heroism.
 17563 | Lair:5   | HP: 19/90 [komodo dragon (11)]
 17564 | Lair:5   | 17564 ||| READING 3 scrolls of teleportation.
 17565 | Lair:5   | 17565 ||| DRINKING 7 potions of heal wounds.
 17818 | Lair:5   | 17818 ||| INVOKING Heroism.
 18320 | Lair:5   | 18320 ||| PLANNING D:1-11
 18320 | Lair:5   | 18320 ||| READING scroll labelled JUTZIR XOTESY.
 18470 | D:10     | Entered Level 10 of the Dungeon
 18499 | D:10     | Found a shadowy altar of Dithmenos.
 18539 | D:10     | 18539 ||| INVOKING Heroism.
 18543 | D:10     | Found a flagged portal.
 18558 | D:10     | 18558 ||| DRINKING potion of curing.
 18558 | D:10     | 18558 ||| (to cure confusion)
 18559 | D:10     | 18559 ||| Stepping ~*~*~tactically~*~*~ (hiding).
 18560 | D:10     | 18560 ||| Stepping ~*~*~tactically~*~*~ (hiding).
 18562 | D:10     | 18562 ||| Stepping ~*~*~tactically~*~*~ (hiding).
 18563 | D:10     | 18563 ||| Stepping ~*~*~tactically~*~*~ (hiding).
 18568 | D:10     | 18568 ||| Stepping ~*~*~tactically~*~*~ (hiding).
 18666 | D:10     | Identified the +6 spear "Hiudoniz" {holy, Will+ Str+3}
 18669 | D:10     | 18669 ||| FLEEEEING.
 18670 | D:10     | 18670 ||| FLEEEEING.
 18671 | D:10     | 18671 ||| FLEEEEING.
 18672 | D:10     | 18672 ||| FLEEEEING.
 18673 | D:10     | 18673 ||| FLEEEEING.
 18674 | D:10     | 18674 ||| FLEEEEING.
 18675 | D:10     | 18675 ||| FLEEEEING.
 18676 | D:10     | 18676 ||| FLEEEEING.
 18677 | D:10     | 18677 ||| FLEEEEING.
 18678 | D:10     | 18678 ||| FLEEEEING.
 18679 | D:10     | 18679 ||| FLEEEEING.
 18680 | D:10     | 18680 ||| FLEEEEING.
 18681 | D:10     | 18681 ||| FLEEEEING.
 18682 | D:10     | 18682 ||| FLEEEEING.
 18683 | D:10     | 18683 ||| FLEEEEING.
 18684 | D:10     | 18684 ||| FLEEEEING.
 18685 | D:10     | 18685 ||| FLEEEEING.
 18686 | D:10     | 18686 ||| FLEEEEING.
 18687 | D:10     | 18687 ||| FLEEEEING.
 18691 | D:10     | 18691 ||| FLEEEEING.
 18692 | D:10     | 18692 ||| FLEEEEING.
 18693 | D:10     | 18693 ||| FLEEEEING.
 18694 | D:10     | 18694 ||| FLEEEEING.
 18695 | D:10     | 18695 ||| FLEEEEING.
 18696 | D:10     | 18696 ||| FLEEEEING.
 18697 | D:10     | 18697 ||| FLEEEEING.
 18698 | D:10     | 18698 ||| FLEEEEING.
 18699 | D:10     | 18699 ||| FLEEEEING.
 18700 | D:10     | 18700 ||| FLEEEEING.
 18701 | D:10     | 18701 ||| FLEEEEING.
 18702 | D:10     | 18702 ||| FLEEEEING.
 18706 | D:10     | 18706 ||| INVOKING Heroism.
 18733 | D:10     | 18733 ||| READING scroll of enchant armour.
 18733 | D:10     | 18733 ||| ENCHANTING +0 crystal plate armour.
 18784 | D:10     | Found a white marble altar of Elyvilon.
 18787 | D:10     | Found a bloodstained altar of Trog.
 18788 | D:10     | Found a shimmering altar of Xom.
 18789 | D:10     | Found a burning altar of Makhleb.
 18791 | D:10     | Found a hide-covered altar of Uskayaw.
 18940 | D:10     | 18940 ||| Stepping ~*~*~tactically~*~*~ (stealth).
 18941 | D:10     | 18941 ||| Stepping ~*~*~tactically~*~*~ (stealth).
 18942 | D:10     | 18942 ||| Stepping ~*~*~tactically~*~*~ (stealth).
 19334 | D:11     | 19334 ||| INVOKING Heroism.
 19375 | D:11     | 19375 ||| READING scroll of enchant weapon.
 19375 | D:11     | 19375 ||| ENCHANTING +3 broad axe of freezing.
 19405 | D:11     | 19405 ||| READING scroll of enchant armour.
 19405 | D:11     | 19405 ||| ENCHANTING +1 crystal plate armour.
 19425 | D:11     | 19425 ||| INVOKING Heroism.
 19437 | D:11     | Received a gift from Okawaru
 19440 | D:11     | Found Xeojaxuc's Weapon Boutique.
 19442 | D:11     | Found a staircase to the Orcish Mines.
 19445 | D:11     | Found Ruukk's Armour Boutique.
 19539 | D:11     | Noticed Snorg
 19540 | D:11     | 19540 ||| INVOKING Heroism.
 19541 | D:11     | 19541 ||| INVOKING Finesse.
 19553 | D:11     | Killed Snorg
 19554 | D:11     | Reached skill level 6 in Throwing
 19773 | D:11     | 19773 ||| INVOKING Heroism.
 20115 | D:11     | 20115 ||| PLANNING D
 20212 | D:12     | Found Heas Hett's Armour Emporium.
 20218 | D:12     | 20218 ||| BUYING +2 pair of gloves of strength (236 gold).
 20218 | D:12     | Bought a +2 pair of gloves of strength for 236 gold pieces
 20241 | D:12     | 20241 ||| Stepping ~*~*~tactically~*~*~ (stealth).
 20243 | D:12     | 20243 ||| Stepping ~*~*~tactically~*~*~ (stealth).
 20246 | D:12     | 20246 ||| INVOKING Heroism.
 20293 | D:12     | Received a gift from Okawaru
 20791 | D:12     | 20791 ||| Stepping ~*~*~tactically~*~*~ (hiding).
 20919 | D:12     | Noticed Nergalle
 20921 | D:12     | Killed Nergalle
 20931 | D:12     | 20931 ||| INVOKING Heroism.
 20940 | D:12     | Received a gift from Okawaru
 21013 | D:12     | 21013 ||| UPGRADING to +2 pair of gloves of strength.
 21023 | D:12     | 21023 ||| DROPPING +2 pair of gloves.
 21093 | D:13     | 21093 ||| INVOKING Heroism.
 21094 | D:13     | 21094 ||| INVOKING Finesse.
 21096 | D:13     | 21096 ||| SWAPPING to +0 morningstar.
 21101 | D:13     | Reached skill level 15 in Axes
 21101 | D:13     | 21101 ||| SWAPPING to +4 broad axe of freezing.
 21195 | D:13     | 21195 ||| Stepping ~*~*~tactically~*~*~ (stealth).
 21261 | D:13     | 21261 ||| Stepping ~*~*~tactically~*~*~ (stealth).
 21265 | D:13     | 21265 ||| Stepping ~*~*~tactically~*~*~ (stealth).
 21266 | D:13     | 21266 ||| Stepping ~*~*~tactically~*~*~ (stealth).
 21267 | D:13     | 21267 ||| INVOKING Heroism.
 21334 | D:13     | 21334 ||| INVOKING Heroism.
 21340 | D:13     | 21340 ||| READING 5 scrolls of teleportation.
 21472 | D:13     | 21472 ||| INVOKING Heroism.
 21931 | D:13     | 21931 ||| Stepping ~*~*~tactically~*~*~ (stealth).
 21933 | D:13     | 21933 ||| Stepping ~*~*~tactically~*~*~ (stealth).
 21936 | D:13     | 21936 ||| INVOKING Heroism.
 21942 | D:13     | 21942 ||| READING 4 scrolls of teleportation.
 21998 | D:13     | 21998 ||| Stepping ~*~*~tactically~*~*~ (stealth).
 22000 | D:13     | 22000 ||| Stepping ~*~*~tactically~*~*~ (stealth).
 22011 | D:13     | 22011 ||| INVOKING Heroism.
 22018 | D:13     | Reached skill level 12 in Fighting
 22108 | D:13     | 22108 ||| INVOKING Heroism.
 22462 | D:13     | 22462 ||| Stepping ~*~*~tactically~*~*~ (hiding).
 22495 | D:13     | 22495 ||| UPGRADING to +1 helmet.
 22584 | D:14     | 22584 ||| INVOKING Heroism.
 22586 | D:14     | 22586 ||| Stepping ~*~*~tactically~*~*~ (hiding).
 22609 | D:14     | 22609 ||| SWAPPING to +0 morningstar.
 22611 | D:14     | 22611 ||| Stepping ~*~*~tactically~*~*~ (outnumbered).
 22612 | D:14     | 22612 ||| Stepping ~*~*~tactically~*~*~ (outnumbered).
 22613 | D:14     | 22613 ||| Stepping ~*~*~tactically~*~*~ (outnumbered).
 22614 | D:14     | 22614 ||| Stepping ~*~*~tactically~*~*~ (outnumbered).
 22616 | D:14     | HP: 18/92 [eight-headed hydra[a boggart] (7)]
 22616 | D:14     | HP: 7/92 [eight-headed hydra[a boggart] (3)]
 22617 | D:14     | 22617 ||| READING 3 scrolls of teleportation.
 22617 | D:14     | Killed from afar by a meliai

Levels and vault maps discovered:
D:1:      dpeg_arrival_court, layout_rooms, minmay_misc_feat_cross,
          reono_crystal_passage, interstate_on_off
D:2:      minmay_angry_zag, layout_basic, corexii_corridor_pit,
          chequers_serial_rivers_marsh
D:3:      layout_basic, minmay_distorted, uniq_grinder, uniq_jessica
D:4:      layout_loops_corners, uniq_ijyb
D:5:      layout_cave_pods, nicolae_sif_muna_condensation,
          minmay_temple_entry_large_hall, minmay_stone_trees_small,
          kennysheep_generic_room_10
D:6:      layout_basic, guppyfry_early_elven_hall, uniq_blork_the_orc
D:7:      layout_loops_corners, kennysheep_little_box, serial_shops,
          nicolae_shop_hallway_stairs, biasface_ghost_orc_armoury
D:8:      layout_loops_ring, nicolae_ru_awakened_eye, serial_shops, shop,
          small_statue_intersection, uniq_erica
D:9:      layout_basic, general_overflow_altar,
          nicolae_gozag_cash_rules_everything_around_me, dpeg_lair_monsters,
          serial_shops, nicolae_shop_trees, uniq_psyche
D:10:     layout_cave_pods, mainiacjoe_overflow_brackets, minitemple,
          enter_bailey_3, serial_park, serial_park_tiny_2, serial_park_paths
          [serial_park_minivault_5x5_6], serial_park_tiny_pond
D:11:     layout_roguey, orc_david_3, uniq_snorg
D:12:     layout_basic, serial_shops, nicolae_shop_statue_plus,
          nrook_mini_vaults, uniq_nergalle
D:13:     layout_basic, grunt_decor_fettered
D:14:     layout_roguey, hangedman_vaults_entry_quadrant_bands,
          serial_park_square3 [serial_park_minivault_5x5_8], special_room
          [special_room_orc]
Temple:   nicolae_temple_bog_church
Lair:1:   layout_loops_ring, portal_ice_cave_entry_imps, serial_bayou_pond_c,
          serial_bayou_pond_a, nicolae_lair_grove_arrangements,
          grunt_megastairs_3
Lair:2:   layout_long_grid, minmay_shoals_entry_beasts, nicolae_lair_lil_pond
Lair:3:   layout_gridlike, dummy_snake_entry, ebering_ghost_inner_flame
Lair:4:   layout_cave_pods, slime_entry_1, beast_lair_carwin_10, uniq_josephine
Lair:5:   minmay_lair_end_frog_pond, layout_gridlike, serial_bayou_ford_a,
          nzn_masters_of_martial_movement, lemuel_fruit_tree

Skill      XL: |  1  2  3  4  5  6  7  8  9 10 11 12 13 14 |
---------------+-------------------------------------------+-----
Axes           | 2 3 4 5 6 7 8 9 10 11 12 14 15 | 15.0
Fighting       | 4 5 7 8 9 10 12 | 12.0
Dodging        | 1 2 |  2.0
Invocations    | 1 4 6 9 10 | 10.0
Throwing       | 1 2 5 6 |  6.1
Armour         | 4 5 7 8 9 12 13 | 13.4
Shields        | 4 6 7 |  7.2

Action                   |  1- 3 |  4- 6 |  7- 9 | 10-12 | 13-15 || total
-------------------------+-------+-------+-------+-------+-------++-------
Melee: War axe           |   113 |   161 |   214 |   254 |       ||   742
       Broad axe         |       |       |       |   194 |   544 ||   738
       Morningstar       |       |       |       |    13 |     5 ||    18
Throw: Boomerang         |    13 |    48 |    52 |    41 |    49 ||   203
       Javelin           |       |       |       |    34 |    97 ||   131
Invok: Heroism           |       |       |     8 |    30 |    35 ||    73
       Finesse           |       |       |       |     3 |     3 ||     6
  Use: Scroll            |     5 |     9 |     4 |    11 |     8 ||    37
       Potion            |       |     6 |     2 |     1 |     2 ||    11
Armor: Scale mail        |    76 |    24 |       |       |       ||   100
       Chain mail        |       |    75 |   139 |    17 |       ||   231
       Plate armour      |       |       |       |   192 |    44 ||   236
       Crystal plate arm |       |       |       |       |   355 ||   355
Dodge: Dodged            |    70 |    60 |    71 |   156 |   180 ||   537
Block: Buckler           |    26 |    34 |    50 |    97 |   146 ||   353

Table legend:
 A = Non-vault XP
 B = Vault XP
 C = Vault XP percentage of total XP
 D = Non-vault monster count
 E = Vault monster count
 F = Vault count percentage of total count
                 A         B        C        D         E       F
            +---------+---------+-------+---------+---------+-------
      Total |   58787 |   27180 |  31.6 |     362 |     118 |  24.6
            +---------+---------+-------+---------+---------+-------
        D:1 |      66 |       0 |   0.0 |      35 |       0 |   0.0
        D:2 |      28 |       8 |  22.2 |      17 |       4 |  19.0
        D:3 |      33 |      37 |  52.9 |      11 |       1 |   8.3
        D:4 |      85 |      38 |  30.9 |      12 |       1 |   7.7
        D:5 |     388 |      14 |   3.5 |      18 |       1 |   5.3
        D:6 |    1125 |     706 |  38.6 |      20 |       2 |   9.1
        D:7 |    1075 |       0 |   0.0 |      21 |       0 |   0.0
        D:8 |    2334 |     813 |  25.8 |      26 |       1 |   3.7
        D:9 |    2900 |    2915 |  50.1 |      12 |      12 |  50.0
       D:10 |    1499 |       6 |   0.4 |      19 |       4 |  17.4
       D:11 |    2615 |    1891 |  42.0 |      12 |       7 |  36.8
       D:12 |    5402 |     767 |  12.4 |      17 |       1 |   5.6
       D:13 |    8183 |       0 |   0.0 |      20 |       0 |   0.0
       D:14 |     394 |    1181 |  75.0 |       1 |      10 |  90.9
     Lair:1 |    6158 |     956 |  13.4 |      24 |      17 |  41.5
     Lair:2 |    5633 |     790 |  12.3 |      23 |       2 |   8.0
     Lair:3 |    3885 |       0 |   0.0 |      13 |       0 |   0.0
     Lair:4 |    8799 |   10406 |  54.2 |      31 |      32 |  50.8
     Lair:5 |    8185 |    6652 |  44.8 |      30 |      23 |  43.4
            +---------+---------+-------+---------+---------+-------
